 Dungeon Crawl Stone Soup version 0.24.0-123-gd5b16e6ec5 (webtiles) character file.

Game seed: 2858308616539453676, levelgen mode: deterministic

67 Delamore the Shield-Bearer (level 4, -3/37 HPs)
             Began as a Formicid Fighter on Jan 7, 2020.
             Slain by a phantom (7 damage)
             ... on level 2 of the Dungeon.
             The game lasted 00:01:14 (1238 turns).

Delamore the Shield-Bearer (Formicid Fighter)       Turns: 1238, Time: 00:01:14

Health: -3/37      AC:  6    Str: 21    XL:     4   Next: 40%
Magic:  4/4        EV:  8    Int:  8    God:
Gold:   55         SH:  9    Dex: 10    Spells: 3/3 levels left

rFire    . . .     SeeInvis +   a - +0 war axe
rCold    . . .     Gourm    .   c - +0 shield
rNeg     . . .     Faith    .   b - +0 scale mail
rPois    .         Spirit   .   (helmet unavailable)
rElec    .         Reflect  .   (no cloak)
rCorr    .         Harm     .   (no gloves)
MR       .....                  (no boots)
Stlth    ..........             e - amulet of rage (curse)
HPRegen  0.12/turn              (no ring)
MPRegen  0.09/turn              (no ring)

@: no status effects
A: permanent stasis, dig shafts and tunnels, four strong arms, antennae 3
a: Dig, Shaft Self


You were on level 2 of the Dungeon.
You were not hungry.

You visited 1 branch of the dungeon, and saw 2 of its levels.

You collected 55 gold pieces.

Inventory:

Hand Weapons
 a - a +0 war axe (weapon)
Missiles
 i - 3 datura-tipped darts (quivered)
Armour
 b - a +0 scale mail (worn)
 c - a +0 shield (worn)
Jewellery
 e - a cursed amulet of rage (around neck)
 h - an uncursed ring of ice {unknown}
Scrolls
 l - a scroll of teleportation {unknown}
 m - a scroll of remove curse {unknown}
 n - a scroll of random uselessness {unknown}
Potions
 d - a potion of might
 g - a potion of lignification {unknown}
 j - a potion of agility {unknown}
Comestibles
 f - a ration


   Skills:
 + Level 3.8 Fighting
 + Level 3.5 Axes
 - Level 3.2 Armour
 + Level 4.2 Shields


You had 3 spell levels left.
You didn't know any spells.
Your spell library was empty.

Dungeon Overview and Level Annotations

Branches:
Dungeon (2/15)

Altars:


Innate Abilities, Weirdness & Mutations

You cannot be hasted, slowed, berserked, paralysed or teleported.
You can dig through walls and to a lower floor.
Your four strong arms can wield two-handed weapons with a shield.
You have a pair of large antennae on your head. (SInv)


Message History

Things that are here:
a +0 club; a hobgoblin skeleton You miss the phantom.
The phantom is almost destroyed.
The phantom hits you but does no damage.
You miss the phantom.
The phantom is almost destroyed.
The phantom closely misses you. The phantom hits you.
* * * LOW HITPOINT WARNING * * *
You barely miss the phantom.
The phantom is almost destroyed.
The phantom hits you.
* * * LOW HITPOINT WARNING * * *
You hit the phantom.
The phantom is almost destroyed.
The phantom barely misses you.
You closely miss the phantom.
The phantom is almost destroyed.
You block the phantom's attack. The phantom hits you!
You die...

.....# #..#.# #
.######..#.. .#
###....##..#.####.#
..........#......#
#....#..>#$#..###
#....#...<....#
#....#.#รท##...#####
##........@........#
#.........#W.....#.#
#.....#.#.#.#.##.#.#
#######.#.###.#........#.#
........#.#
#.###.#.#..#.######
#########.#
#.###.#.#.........# #[#
#.....#......####.# #.#
#######......# #.# #.#
#......# #.#


You could see a phantom.

Vanquished Creatures
  2 adders (D:2)
  3 oozes (D:2)
  A worm (D:2)
  A dart slug (D:1)
  A bat (D:1)
  A giant cockroach (D:1)
  3 goblins
  7 hobgoblins
  7 kobolds (D:1)
  2 frilled lizards (D:1)
  3 rats (D:1)
31 creatures vanquished.

Notes
Turn   | Place    | Note
-------+----------+-------------------------------------------
     0 | D:1      | Delamore the Formicid Fighter began the quest for the Orb.
     0 | D:1      | Reached XP level 1. HP: 18/18 MP: 1/1
   152 | D:1      | Reached XP level 2. HP: 24/24 MP: 2/2
   345 | D:1      | Reached XP level 3. HP: 26/29 MP: 3/3
   858 | D:2      | Reached skill level 4 in Shields
   858 | D:2      | Reached XP level 4. HP: 31/37 MP: 4/4
   951 | D:2      | Noticed a phantom
  1238 | D:2      | Slain by a phantom

Levels and vault maps discovered:
D:1:      dpeg_arrival_solitude, layout_loops_ring
D:2:      layout_basic, chequers_ecumenical_altar_simple_redux,
          kennysheep_generic_room_13, uniq_terence

Skill      XL: |  1  2  3 |
---------------+----------+-----
Axes           | 3 |  3.5
Shields        | 4 |  4.2
Fighting       | |  3.8
Armour         | |  3.2

Action                   |  1- 3 |  4- 6 || total
-------------------------+-------+-------++-------
Melee: War axe           |    92 |    43 ||   135
  Eat: Chunk             |       |     1 ||     1
Armor: Scale mail        |    51 |     9 ||    60
Dodge: Dodged            |    38 |     8 ||    46
Block: Shield            |    49 |    13 ||    62
